 Dungeon Crawl Stone Soup version 0.29.1-2-gbd0b4ee654 (webtiles) character file.

Game seed: 9403393642038451024

641 SolCadguy the Destroyer (level 7, -3/50 HPs)
             Began as a Black Draconian Conjurer on Oct 30, 2022.
             Killed by divine providence
             ... invoked by an orc priest
              (12 damage)
             ... on level 5 of the Dungeon.
             The game lasted 00:16:32 (5601 turns).

SolCadguy the Destroyer (Black Draconian Conjurer)  Turns: 5601, Time: 00:16:33

Health: -3/50      AC:  8    Str: 10    XL:     7   Next: 26%
Magic:  3/10       EV: 12    Int: 22    God:
Gold:   306        SH:  0    Dex:  9    Spells: 1/10 levels left

rFire   . . .      SeeInvis .   d - +3 lajatang "Qucyun" {protect, rC+ Int+2}
rCold   + . .      Faith    .   (shield currently unavailable)
rNeg    . . .      Spirit   .   (body armour unavailable)
rPois   .          Reflect  .   (helmet restricted)
rElec   +          Harm     .   w - +1 cloak
rCorr   .          Rampage  .   (no gloves)
Will    .....                   (no boots)
Stlth   ++........              (no amulet)
HPRegen 0.16/turn               (no ring)
MPRegen 0.12/turn               (no ring)

@: short of breath
A: breathe lightning, AC +6, unfitting armour, electricity resistance,
cold-blooded
a: Breathe Lightning


You were on level 5 of the Dungeon.
You visited 1 branch of the dungeon, and saw 6 of its levels.

You collected 306 gold pieces.

Inventory:

Hand Weapons
 d - the +3 lajatang "Qucyun" (weapon) {protect, rC+ Int+2}
   (You acquired it on level 2 of the Dungeon)

   It grants its wielder temporary protection when it strikes (+7 to AC).
   Int:       It affects your intelligence (+2).
   rC:        It protects you from cold.
 e - a +0 dagger
 j - a +1 short sword of protection
Missiles
 b - 25 stones
 p - 5 javelins (quivered)
Armour
 w - a +1 cloak (worn)
Jewellery
 h - a ring of resist corrosion
 v - a ring of see invisible
Scrolls
 i - a scroll of enchant armour
 n - 2 scrolls of vulnerability
 o - a scroll of enchant weapon
 s - a scroll of brand weapon {unknown}
 t - a scroll of amnesia {unknown}
 x - a scroll of acquirement
Potions
 a - a potion of magic
 c - 2 potions of heal wounds {unknown}
 f - 3 potions of curing
 g - a potion of attraction
 q - 2 potions of ambrosia {unknown}
 r - a potion of cancellation
 u - a potion of haste {unknown}


   Skills:
 + Level 3.7 Staves
 - Level 1.7 Dodging
 - Level 1.7 Stealth
 - Level 2.0 Spellcasting
 + Level 8.0 Conjurations


You had one spell level left.
You knew the following spells:

 Your Spells              Type           Power      Damage    Failure   Level
a - Magic Dart            Conj           100%       1d8       1%          1
b - Searing Ray           Conj           74%        2d7       1%          2
c - Dazzling Flash        Conj/Hex       38%        N/A       8%          3
d - Mephitic Cloud        Conj/Pois/Air  13%        N/A       14%         3

Your spell library contained the following spells:

 Spells                   Type           Power      Damage    Failure   Level
 Summon Small Mammal      Summ           8%         N/A       14%         1
 Call Imp                 Summ           2%         N/A       21%         2
 Fulminant Prism          Conj/Hex       9%         3d7       26%         4
 Iskenderun's Mystic Bla  Conj/Tloc      19%        2d6       26%         4
 Call Canine Familiar     Summ           2%         N/A       38%         3
 Summon Guardian Golem    Hex/Summ       2%         N/A       38%         3
 Orb of Destruction       Conj           18%        9d8       99%         7
 Spellforged Servitor     Conj/Summ      9%         N/A       100%        7


Dungeon Overview and Level Annotations

Branches:
Dungeon (6/15)
 Temple: D:4-7

Altars:
Fedhas

Shops:
D:5 *


Innate Abilities, Weirdness & Mutations

You can breathe wild blasts of lightning.
Your glossy black scales are hard. (AC +6)
You cannot fit into any form of body armour.
You are resistant to electric shocks. (rElec)
You are cold-blooded and may be slowed by cold attacks.


Message History

* * * LOW HITPOINT WARNING * * *
Okay, then.
Okay, then.
You feel sick.
You feel sick.
As you read the scroll labelled DOLOKENOECK, it crumbles to dust.
Your body is wracked with pain!
* * * LOW HITPOINT WARNING * * *
It was a scroll of torment.
You feel sick.
You are no longer poisoned.
Okay, then.
You feel better.
As you read the scroll labelled ZEGESCHO RIURA, it crumbles to dust.
You feel strangely unstable.
It was a scroll of teleportation.
You have got your breath back.
The centaur shoots an arrow.
The arrow hits you.
* * * LOW HITPOINT WARNING * * *
Your surroundings suddenly seem different.
An orc comes into view. It is wielding a +0 club.
The orc shouts!
An orc comes into view. It is wielding a +0 club.
An orc priest comes into view. It is wielding a +0 trident.
Okay, then.
Activating: Breathe Lightning (5% risk of failure)
Press: ? - help, Dir - look around, f - activate You breathe a wild blast of lightning!
You hear a mighty clap of thunder! x4; The orc priest shouts!
An orc comes into view. It is wielding a +0 club.
Okay, then.
Okay, then.
Okay, then.
You feel better. The orc attacks as you move away! The orc closely misses you.
The orc priest calls down the wrath of Beogh upon you.
Beogh smites you!
* * * LOW HITPOINT WARNING * * *
The orc attacks as you move away! The orc hits you but does no damage.
The orc priest invokes the aid of Beogh against you.
Beogh smites you!
You die...

#..#......#....###.##
#..#......'.....#...#
#..#......#.....#...#
##.#......###########
.###.####'#รท......#..##
......#...#.......#.>.#
......#...#...<...'...#
..##..##..#.......#...#
..##..#####.....@.##'### .
#...##..#.......o....#####
#.......#............'...#
#.......#........o...#...#
#.####..#..........oo######
#....##+#.......#####.....#
#....'..#.......# #.....#
#....#..#.......# #.....#
#....####.......# #.....#


You could see an orc priest and 3 orcs.

Vanquished Creatures
  A water moccasin (D:5)
  A phantom (D:5)
  A scorpion (D:5)
  The ghost of deadpool521 the Trooper, a weakling DrAK of Lugonu (D:3)
  A howler monkey (D:5)
  A hound (D:5)
  A jelly (D:4)
  An iguana (D:5)
  An orc wizard (D:4)
  10 adders
  A shadow imp (D:5)
  3 worms
  5 dart slugs
  11 orcs
  6 ball pythons
  3 bats
  3 endoplasms
  8 giant cockroaches
  10 goblins
  5 hobgoblins
  4 jackals (D:3)
  2 kobolds
  2 quokkas
  2 frilled lizards
  9 rats
93 creatures vanquished.

Notes
Turn   | Place    | Note
-------+----------+-------------------------------------------
     0 | D:1      | SolCadguy the Draconian Conjurer began the quest for the
                  | Orb.
     0 | D:1      | Reached XP level 1. HP: 14/14 MP: 3/3
   191 | D:1      | Reached XP level 2. HP: 20/20 MP: 0/5
   499 | D:1      | Learned a level 2 spell: Searing Ray
   941 | D:1      | Found a faded altar of an unknown god.
  1353 | D:2      | Reached skill level 5 in Conjurations
  1358 | D:2      | Reached XP level 3. HP: 25/26 MP: 0/6
  1415 | D:2      | Learned a level 3 spell: Dazzling Flash
  2028 | D:2      | Reached XP level 4. HP: 33/33 MP: 2/7
  2644 | D:2      | Identified a scroll of acquirement
  2644 | D:2      | Acquired the +3 lajatang "Qucyun" {protect, rC+ Int+2}
  2775 | D:3      | Reached skill level 6 in Conjurations
  3096 | D:3      | Noticed deadpool521's ghost (weakling DrAK)
  3097 | D:3      | Found a runed translucent door.
  3287 | D:3      | Found a blossoming altar of Fedhas.
  3461 | D:3      | Reached XP level 5. HP: 38/38 MP: 4/8
  3763 | D:3      | Killed deadpool521's ghost
  4364 | D:4      | Reached skill level 1 in Staves
  4364 | D:4      | Reached skill level 7 in Conjurations
  4519 | D:4      | Reached XP level 6. HP: 45/45 MP: 4/9
  4523 | D:4      | Learned a level 3 spell: Mephitic Cloud
  4938 | D:5      | Entered Level 5 of the Dungeon
  5169 | D:5      | Found Eropo's Gadget Gallery.
  5480 | D:5      | Your scales start taking on a glossy black colour.
  5480 | D:5      | Reached XP level 7. HP: 50/50 MP: 4/10
  5480 | D:5      | Gained mutation: You are resistant to electric shocks.
                  | (rElec) [Black Draconian growth]
  5584 | D:5      | Reached skill level 8 in Conjurations
  5601 | D:5      | Killed from afar by an orc priest

Illustrated notes

Levels and vault maps discovered:
D:1:      dpeg_arrival_morbid_curiosity, layout_loops_ring,
          shapermc_ecumenical_altar_venn
D:2:      layout_loops_ring, minmay_octomino_c4
D:3:      layout_loops_ring, amcnicky_altar_gilded,
          hellmonk_ghost_happy_afterlife
D:4:      layout_rooms
D:5:      layout_gridville, kennysheep_mini_moat, nicolae_shop_gadgets
D:6:      layout_layer_cave, nicolae_ru_awakened_eye

Skill      XL: |  1  2  3  4  5  6  7 |
---------------+----------------------+-----
Conjurations   | 5 6 7 8 |  8.0
Staves         | 1 3 |  3.7
Dodging        | |  1.7
Stealth        | |  1.7
Spellcasting   | |  2.0

Action                   |  1- 3 |  4- 6 |  7- 9 || total
-------------------------+-------+-------+-------++-------
Melee: Unarmed           |     8 |       |       ||     8
       Tailslap          |     2 |     6 |       ||     8
       Dagger            |     6 |       |       ||     6
       Short sword       |     1 |    21 |       ||    22
       Lajatang          |       |    33 |     1 ||    34
       Punch             |       |     1 |       ||     1
Throw: Javelin           |       |     2 |       ||     2
 Cast: Magic Dart        |    51 |    51 |     2 ||   104
       Searing Ray       |    10 |    31 |     1 ||    42
       Dazzling Flash    |       |       |     1 ||     1
 Abil: Breathe Lightning |       |       |     2 ||     2
  Use: Scroll            |       |     8 |     2 ||    10
       Potion            |       |     1 |     2 ||     3
Armor: Skin              |    11 |    32 |     3 ||    46
Dodge: Dodged            |    18 |    41 |     6 ||    65
